 Dungeon Crawl Stone Soup version 0.22-a0-348-gd16d139 (webtiles) character file.

58034 ObsidianBottle the Reanimator (level 14, -4/80 HPs)
             Began as a Deep Elf Air Elementalist on Apr 8, 2018.
             Was a Believer of Uskayaw.
             Slain by a slime creature (15 damage)
             ... on level 14 of the Dungeon on Apr 9, 2018.
             The game lasted 02:25:37 (42188 turns).

ObsidianBottle the Reanimator (DEAE)               Turns: 42188, Time: 02:25:38

Health: -4/80      AC: 10    Str:  9    XL:     14   Next: 48%
Magic:  17/40      EV: 16    Int: 24    God:    Uskayaw [**....]
Gold:   1075       SH:  0    Dex: 12    Spells: 10/36 levels left

rFire    . . .     SeeInvis +   F - +7 war axe "Jyowarphe" {vamp, MP+9 Dex-3 Stlth+}
rCold    . . .     Gourm    .   (no shield)
rNeg     . . .     Faith    +   G - +0 troll leather armour
rPois    .         Spirit   .   p - +1 helmet
rElec    .         Reflect  .   S - +0 cloak
rCorr    .         Harm     .   (no gloves)
MR       +....                  V - +2 pair of boots
Stlth    +++++.....             d - amulet of faith
HPRegen  0.63/turn              K - ring of see invisible
MPRegen  0.27/turn              N - +2 ring of strength

@: swift, very slightly contaminated, quick
A: no striking features
a: Stomp, Line Pass, Renounce Religion


You were on level 14 of the Dungeon.
You worshipped Uskayaw.
Uskayaw was aware of your devotion.
You were not hungry.

You visited 3 branches of the dungeon, and saw 21 of its levels.

You collected 1414 gold pieces.
You spent 339 gold pieces at shops.

Inventory:

Hand Weapons
 w - a +3 dagger of protection
 F - the +7 war axe "Jyowarphe" (weapon) {vamp, MP+9 Dex-3 Stlth+}
   (You found it on level 1 of the Lair of Beasts)

   It inflicts no extra harm, but heals its wielder when it wounds a living foe.
   It affects your dexterity (-3).
   It affects your magic capacity (+9).
   It makes you more stealthy.
 T - a +2 dagger of electrocution
Missiles
 y - 388 stones (quivered)
 O - 125 sling bullets
Armour
 p - a +1 helmet (worn)
 t - a +0 pair of gloves
 G - a +0 troll leather armour (worn)
 S - a +0 cloak (worn)
 V - a +2 pair of boots (worn)
Jewellery
 d - an amulet of faith (around neck)
 k - an uncursed ring of resist corrosion
 v - an uncursed ring of protection from cold
 K - a ring of see invisible (left hand)
 N - a +2 ring of strength (right hand)
Wands
 l - a wand of acid (4)
 D - a wand of iceblast (11)
 I - a wand of digging (15)
 L - a wand of flame (60)
 Y - a wand of paralysis (16)
Scrolls
 c - a scroll of silence {unknown}
 e - 3 scrolls of noise {unknown}
 h - 8 scrolls of amnesia
 i - a scroll of brand weapon {unknown}
 m - 2 scrolls of immolation
 n - a scroll of holy word {unknown}
 o - 8 scrolls of identify
 r - 3 scrolls of fog
 u - 6 scrolls of blinking
 x - 10 scrolls of teleportation
 z - 2 scrolls of random uselessness {unknown}
 A - 5 scrolls of remove curse
 H - 4 scrolls of enchant weapon
 Q - 7 scrolls of fear
 R - 2 scrolls of enchant armour
 U - a scroll of magic mapping
Potions
 f - 11 potions of curing
 g - a potion of brilliance
 j - 3 potions of invisibility
 q - 6 potions of mutation
 s - 5 potions of heal wounds
 B - 2 potions of berserk rage
 C - a potion of resistance
 M - a potion of lignification
 W - 2 potions of haste
 X - 2 potions of agility
 Z - 5 potions of might
Miscellaneous
 E - a fan of gales
 J - 2 sacks of spiders
Comestibles
 b - 6 chunks of flesh
 P - 19 rations


   Skills:
 * Level 6.1 Fighting
 * Level 9.6 Dodging
 + Level 8.6 Stealth
 + Level 11.8 Spellcasting
 - Level 9.3 Conjurations
 - Level 3.0 Charms
 + Level 12.1 Necromancy
 - Level 10.5 Air Magic
 - Level 7.0 Earth Magic
 * Level 11.9 Invocations


You had 10 spell levels left.
You knew the following spells:

 Your Spells              Type           Power        Failure   Level  Hunger
a - Shock                 Conj/Air       ####         1%          1    None
b - Static Discharge      Conj/Air       ######..     1%          3    None
c - Airstrike             Air            ######....   1%          4    None
e - Lightning Bolt        Conj/Air       ######....   2%          5    ###....
w - Borgnjor's Vile Clut  Necr/Erth      ######....   3%          5    ###....
S - Swiftness             Chrm/Air       #####...     1%          2    None
T - Animate Dead          Necr           N/A          1%          4    None
W - Passwall              Tmut/Erth      ####......   2%          2    None


Dungeon Overview and Level Annotations

Branches:
Dungeon (14/15)            Temple (1/1) D:5            Lair (6/6) D:10
 Shoals (0/4) Lair:4       Spider (0/4) Lair:2        Slime (0/5) Lair:6
    Orc (0/2) D:10
 Vaults: D:13-14

Altars:
Ashenzari
Cheibriados
Dithmenos
Elyvilon
Fedhas
Gozag
Hepliaklqana
Kikubaaqudgha
Makhleb
Nemelex Xobeh
Okawaru
Qazlal
Ru
Sif Muna
Trog
Uskayaw
Vehumet
Wu Jian
Xom
Yredelemnul
Zin
The Shining One
Lugonu

Shops:
D:4 (   D:5 ?

Annotations:
D:6 2 runed doors
D:14 1 transporter


Message History

Your yak zombie barely misses the guardian serpent.
Casting: Airstrike (safe; 1% risk of failure)
Confirm with . or Enter, or press ? or * to list all spells.
Aiming: Lightning Bolt (safe; 2% risk of failure)
Press: ? - help, Shift-Dir - straight line, f - slime creature
Aim: a slime creature (moderately wounded)
Okay, then.
Casting: Lightning Bolt (safe; 2% risk of failure)
Confirm with . or Enter, or press ? or * to list all spells.
You feel quick.
Your yak zombie gores the guardian serpent!
Unknown command.
Unknown command.
The guardian serpent coils itself and waves its upper body at you.
You easily resist.
The guardian serpent weaves intricate patterns with the tip of its tongue.
The slime creature blinks! x2; The slime creature closely misses you.
Unknown command.
The slime creature hits you!
You die...

..........((.....#
.#######.ยง.#####.#
#.S.# #.# . #...#
#.# . #...# #.# .
#...# #.# ..# #...#
#.# ..# #.JJ# #.#
..# #. #.@.# #.#
..# #.# #...# #.#
..# #.# #...# #.#
..# #.# #...#####.#
..# #.# #.........#
).#
#.#######...#####.#
..# #...........#
#.# ..#
#..#######..# #.#
..# #..# #..# #.#


You could see 2 slime creatures and a guardian serpent.

Vanquished Creatures
  The ghost of Ultraviolent4 the Basher, a journeyman TrCK of Xom (Lair:6)
  The ghost of b5mith the Warrior, a journeyman MiBe of Trog (D:13)
  Snorg (Lair:6)
  5 hydras
  A centaur warrior (D:14)
  6 two-headed ogres
  A catoblepas (D:13)
  5 death yaks
  Nergalle (D:10)
  The ghost of twitchblade17 the Gusty, a novice DrAE of Sif Muna (D:8)
  5 unseen horrors
  A lindwurm (Lair:5)
  2 ugly things (D:11)
  2 oklob plants (Lair:6)
  A deep elf mage (D:13)
  A manticore (D:12)
  15 elephants
  4 centaur zombies
  5 black mambas
  A guardian serpent (D:14)
  5 komodo dragons
  2 spiny frogs
  4 centaur skeletons
  A rime drake (Lair:2)
  2 jumping spiders (Lair:2)
  2 trolls
  21 blink frogs
  4 slime creatures (D:13)
  11 hippogriffs
  Sigmund (D:6)
  A vampire (D:12)
  A wraith (D:10)
  2 wyverns (D:13)
  A redback (Lair:2)
  35 yaks
  4 basilisks
  A basilisk (shapeshifter) (D:13)
  A human (D:9)
  3 hungry ghosts
  A swamp worm (shapeshifter) (D:13)
  12 water moccasins
  13 porcupines
  4 ice beasts
  10 orc warriors
  2 sky beasts
  A hornet zombie (D:14)
  An eye of draining (D:13)
  2 black bears
  2 phantoms
  An ogre (D:9)
  2 necrophages (D:13)
  5 wolves
  12 centaurs
  11 crocodiles
  2 big kobolds (D:11)
  A gnoll sergeant (D:9)
  6 bullfrogs
  2 scorpions
  10 killer bees
  7 wights
  10 howler monkeys
  3 electric eels
  7 crimson imps
  2 bullfrog zombies
  3 quasits
  4 jellies
  7 orc priests
  7 hounds
  15 orc wizards
  Terence (D:2)
  Jessica (D:2)
  3 iguanas
  Natasha (thrice) (D:2)
  12 worker ants
  A hound zombie (D:9)
  2 hound skeletons (D:10)
  2 worker ant zombies
  Robin (D:2)
  8 gnolls
  A howler monkey skeleton (D:11)
  8 adders
  3 shadow imps
  An ooze (D:7)
  5 worms
  A dart slug (D:2)
  7 leopard geckos
  70 orcs
  2 ball pythons
  6 bats
  7 giant cockroaches
  11 goblins
  12 hobgoblins
  14 jackals
  12 kobolds
  6 quokkas
  8 frilled lizards
  A jackal skeleton (D:4)
  A leopard gecko zombie (D:6)
  A quokka skeleton (D:4)
  4 rats
  4 plants
546 creatures vanquished.

Vanquished Creatures (collateral kills)
  A slime creature (D:14)
  A kobold (D:11)
2 creatures vanquished.

Vanquished Creatures (others)
  8 fungi
  A plant (Lair:6)
9 creatures vanquished.

Grand Total: 557 creatures vanquished

Notes
Turn   | Place    | Note
-------+----------+-------------------------------------------
     0 | D:1      | ObsidianBottle the Deep Elf Air Elementalist began the quest for the Orb.
     0 | D:1      | Reached XP level 1. HP: 10/10 MP: 6/6
   538 | D:1      | Reached XP level 2. HP: 15/15 MP: 6/8
   542 | D:1      | Learned a level 2 spell: Swiftness
   768 | D:1      | Reached skill level 1 in Charms
  1219 | D:2      | Noticed Robin
  1318 | D:2      | Reached XP level 3. HP: 19/19 MP: 7/9
  1323 | D:2      | Learned a level 3 spell: Static Discharge
  1630 | D:2      | Noticed Terence
  1663 | D:2      | Noticed Natasha
  2079 | D:2      | Killed Robin
  2079 | D:2      | Reached XP level 4. HP: 24/24 MP: 3/11
  2085 | D:2      | Learned a level 4 spell: Airstrike
  2776 | D:2      | Noticed Jessica
  2789 | D:2      | Killed Jessica
  2821 | D:2      | Reached XP level 5. HP: 12/28 MP: 2/13
  3038 | D:2      | Killed Terence
  3700 | D:3      | Reached skill level 5 in Air Magic
  4896 | D:2      | Killed Natasha
  4896 | D:2      | Reached XP level 6. HP: 25/32 MP: 5/14
  4953 | D:2      | Noticed Natasha
  4954 | D:2      | Killed Natasha
  5387 | D:2      | Noticed Natasha
  5389 | D:2      | Killed Natasha
  6115 | D:4      | Found Zauv's Antique Weapon Boutique.
  6123 | D:4      | Bought a glowing hunting sling for 81 gold pieces
  6862 | D:5      | Entered Level 5 of the Dungeon
  6862 | D:5      | Found Diakir's Magic Scroll Emporium.
  6867 | D:5      | Bought 2 scrolls of fear for 77 gold pieces
  6867 | D:5      | Bought a scroll of fog for 22 gold pieces
  6867 | D:5      | Bought a scroll of remove curse for 33 gold pieces
  6885 | D:5      | Reached XP level 7. HP: 25/36 MP: 6/15
  7036 | D:5      | Found a basalt altar of Yredelemnul.
  7389 | D:5      | Found a sacrificial altar of Ru.
  7394 | D:5      | Reached skill level 5 in Spellcasting
  7421 | D:5      | Became a worshipper of Ru the Awakened
  7539 | D:5      | Found a staircase to the Ecumenical Temple.
  7549 | Temple   | Entered the Ecumenical Temple
  7812 | Temple   | Fell from the grace of Ru
  7812 | Temple   | Became a worshipper of the Shining One
  8364 | D:6      | Learned a level 5 spell: Lightning Bolt
  8394 | D:6      | Noticed Sigmund
  8398 | D:6      | Fell from the grace of the Shining One
  8402 | D:6      | Killed Sigmund
  8486 | Temple   | Became a worshipper of the Shining One
  8581 | D:6      | Found a deep blue altar of Sif Muna.
  8583 | D:6      | Found a bloodstained altar of Trog.
  8656 | D:6      | Found a white marble altar of Elyvilon.
  8658 | D:6      | Found an iron altar of Okawaru.
  8671 | D:6      | Found a blossoming altar of Fedhas.
  8767 | D:6      | Found a shadowy altar of Dithmenos.
  8881 | D:6      | Found a stormy altar of Qazlal.
  8945 | D:6      | Reached XP level 8. HP: 41/41 MP: 8/17
  9033 | D:6      | Found a runed door.
  9080 | D:6      | Found a runed door.
  9277 | D:5      | Bought a scroll of enchant armour for 82 gold pieces
  9488 | D:7      | Found an ancient bone altar of Kikubaaqudgha.
  9510 | D:7      | Found a snail-covered altar of Cheibriados.
  9543 | D:7      | Reached skill level 5 in Conjurations
 10456 | D:7      | Found a hazy altar of Hepliaklqana.
 10818 | D:8      | Noticed twitchblade17's ghost (novice DrAE)
 12419 | D:8      | Reached XP level 9. HP: 45/45 MP: 15/22
 12549 | D:8      | Killed twitchblade17's ghost
 13509 | D:9      | Found a sparkling altar of Nemelex Xobeh.
 13969 | D:9      | Reached * piety under the Shining One
 14493 | D:9      | Reached skill level 1 in Invocations
 14897 | D:9      | Reached skill level 1 in Fighting
 15258 | D:9      | Reached XP level 10. HP: 52/52 MP: 6/25
 15375 | D:10     | Entered Level 10 of the Dungeon
 15510 | D:10     | Noticed Nergalle
 16266 | D:9      | Fell from the grace of the Shining One
 16386 | Temple   | Became a worshipper of Uskayaw the Reveler
 16646 | D:9      | Found a sparkling altar of Nemelex Xobeh.
 17239 | D:9      | Found a sparkling altar of Nemelex Xobeh.
 17389 | D:9      | Reached * piety under Uskayaw
 17391 | D:9      | Reached ** piety under Uskayaw
 17858 | D:10     | Reached skill level 10 in Air Magic
 17859 | D:10     | Noticed a two-headed ogre
 19484 | D:10     | Noticed a death yak
 19548 | D:9      | Reached skill level 5 in Invocations
 19846 | D:10     | Noticed a death yak
 19929 | D:9      | Reached skill level 5 in Stealth
 20285 | D:9      | Found a sparkling altar of Nemelex Xobeh.
 20316 | D:9      | Killed a death yak
 20316 | D:9      | Reached skill level 5 in Dodging
 20316 | D:9      | Reached skill level 10 in Spellcasting
 20466 | D:9      | Reached XP level 11. HP: 26/59 MP: 14/27
 20685 | D:10     | Noticed a death yak
 20686 | D:10     | Noticed a death yak
 20686 | D:10     | Noticed a death yak
 20693 | D:10     | Reached *** piety under Uskayaw
 20694 | D:10     | Killed a death yak
 20694 | D:10     | Reached **** piety under Uskayaw
 20695 | D:10     | Killed a death yak
 20695 | D:10     | Reached ***** piety under Uskayaw
 20697 | D:10     | Killed a death yak
 20825 | D:10     | Killed a two-headed ogre
 21089 | D:10     | Killed a death yak
 21242 | D:10     | Killed Nergalle
 21380 | D:10     | Found a staircase to the Lair.
 21702 | D:10     | Found a staircase to the Orcish Mines.
 22156 | D:11     | Noticed an unseen horror
 22158 | D:11     | Killed an unseen horror
 22267 | D:11     | Noticed a two-headed ogre
 22332 | D:11     | Killed a two-headed ogre
 22369 | D:11     | Noticed a purple ugly thing
 22388 | D:11     | Killed a purple ugly thing
 22389 | D:11     | Noticed a white ugly thing
 22776 | D:11     | Noticed a two-headed ogre
 23003 | D:11     | Noticed an unseen horror
 23029 | Lair:1   | Entered Level 1 of the Lair of Beasts
 23147 | Lair:1   | Got a translucent war axe
 23253 | D:5      | Bought a scroll of identify for 22 gold pieces
 23253 | D:5      | Bought a scroll of identify for 22 gold pieces
 23253 | D:5      | Identified the +7 war axe "Jyowarphe" {vamp, MP+9 Dex-3 Stlth+} (You found it on level 1 of the Lair of Beasts)
 23725 | Lair:1   | Reached XP level 12. HP: 66/66 MP: 18/28
 24860 | Lair:2   | Noticed a six-headed hydra
 24862 | Lair:2   | Killed a six-headed hydra
 25015 | Lair:2   | Reached skill level 10 in Invocations
 25491 | Lair:2   | Found a hole to the Spider Nest.
 28332 | Lair:3   | Reached skill level 5 in Fighting
 28433 | Lair:4   | Noticed a six-headed hydra
 28467 | Lair:3   | Killed a six-headed hydra
 28555 | Lair:4   | Found a staircase to the Shoals.
 30212 | Lair:4   | Reached XP level 13. HP: 73/73 MP: 11/30
 31723 | Lair:5   | *sigh*
 31730 | Lair:5   | Learned a level 5 spell: Borgnjor's Vile Clutch
 31736 | Lair:6   | Entered Level 6 of the Lair of Beasts
 32158 | Lair:6   | Reached skill level 1 in Necromancy
 32158 | Lair:6   | Reached skill level 1 in Earth Magic
 32454 | Lair:6   | Reached skill level 2 in Necromancy
 32638 | Lair:5   | Reached skill level 3 in Necromancy
 32847 | Lair:6   | Noticed Ultraviolent4's ghost (journeyman TrCK)
 33268 | Lair:6   | Killed Ultraviolent4's ghost
 33268 | Lair:6   | Reached skill level 4 in Necromancy
 33734 | Lair:6   | Reached skill level 5 in Necromancy
 33793 | Lair:6   | Noticed Snorg
 33920 | Lair:6   | Killed Snorg
 33941 | Lair:5   | Reached skill level 5 in Earth Magic
 34461 | Lair:6   | Reached ****** piety under Uskayaw
 34463 | Lair:6   | Reached skill level 6 in Necromancy
 35479 | Lair:6   | Found a staircase to the Slime Pits.
 36196 | D:10     | Learned a level 4 spell: Animate Dead
 36229 | D:11     | Reached skill level 7 in Necromancy
 37966 | D:12     | Learned a level 2 spell: Passwall
 38172 | D:12     | Identified the +9 long sword "Turo" {vamp, -Tele rElec rN+++ Str+3} (You found it on level 12 of the Dungeon)
 38213 | D:12     | Reached skill level 8 in Necromancy
 39100 | D:13     | Reached XP level 14. HP: 68/79 MP: 22/31
 39186 | D:13     | Noticed b5mith's ghost (journeyman MiBe)
 39334 | D:13     | Reached skill level 9 in Necromancy
 39658 | D:13     | Killed b5mith's ghost
 40209 | D:13     | Reached skill level 10 in Necromancy
 41163 | D:13     | Reached skill level 11 in Necromancy
 41660 | D:14     | Found a transporter.
 41668 | D:14     | Found a corrupted altar of Lugonu.
 41829 | D:14     | Reached skill level 12 in Necromancy
 42188 | D:14     | Slain by a slime creature

Vault maps used:
D:1:      erik_arrival_blinker_ship
D:2:      minivault_23, uniq_robin, uniq_jessica, uniq_natasha, uniq_terence
D:3:      first_ration
D:4:      serial_shops, nicolae_shop_stone
D:5:      yredelemnul_altar_generic, lemuel_crystal_altar,
          minmay_temple_entry_crystal_x, serial_shops, nicolae_shop_stone,
          serial_curves, eino_curves_04, eino_curves_03, eino_curves_04
D:6:      lemuel_insect_pit, overflow_temple_1_default, minitemple,
          nicolae_dithmenos_through_a_glass_darkly, uniq_sigmund
D:7:      old_standard_altar, nicolae_overflow_crystal_walls, basic_altar
D:9:      grunt_pizzeria, nemelex_spade_bored_becter
D:10:     dpeg_lair_monsters, erik_orc_2, uniq_nergalle
D:12:     minivault_25
D:14:     gammafunk_corrupted_shrine, david_vaults_4,
          nrook_guardian_serpent_ordinary
Temple:   minmay_temple_bridge_abc
Lair:1:   lemuel_fruit_fields
Lair:2:   spider_nest_entry_a, serial_bayou_pond_d, grunt_megastairs_4
Lair:4:   elwin_shoals_entry_rocks, nicolae_lair_grove_arrangements,
          st_stairs_11, nicolae_quartered_pool_little, lemuel_fruit_tree,
          infiniplex_staircase_pool_2
Lair:6:   due_jungle_book, minmay_slime_entry_oklob_enclosed,
          serial_bayou_shore_a, uniq_snorg

Skill      XL: |  1  2  3  4  5  6  7  8  9 10 11 12 13 14 |
---------------+-------------------------------------------+-----
Charms         | 2 3 |  3.0
Conjurations   | 2 4 6 8 9 |  9.3
Spellcasting   | 4 5 7 9 10 11 | 11.8
Air Magic      | 4 5 6 7 8 9 10 | 10.5
Invocations    | 2 5 9 11 | 11.9
Stealth        | 3 5 6 8 |  8.6
Dodging        | 3 5 7 9 |  9.6
Fighting       | 1 2 4 5 6 |  6.1
Necromancy     | 8 12 | 12.1
Earth Magic    | 7 |  7.0

Action                   |  1- 3 |  4- 6 |  7- 9 | 10-12 | 13-15 || total
-------------------------+-------+-------+-------+-------+-------++-------
Melee: Dagger            |       |     6 |     5 |    20 |       ||    31
       Trident           |       |     3 |       |       |       ||     3
       Dire flail        |       |       |    10 |     5 |       ||    15
       War axe           |       |       |       |    15 |   208 ||   223
 Fire: Hunting sling     |       |    12 |    35 |    23 |       ||    70
Throw: Stone             |       |       |       |       |     1 ||     1
 Cast: Shock             |    77 |    82 |    63 |    38 |    18 ||   278
       Static Discharge  |     1 |    16 |    11 |    19 |    14 ||    61
       Swiftness         |     1 |     7 |     9 |    16 |     8 ||    41
       Airstrike         |       |    18 |    91 |   209 |   222 ||   540
       Lightning Bolt    |       |       |    26 |   118 |   107 ||   251
       Borgnjor's Vile C |       |       |       |       |    35 ||    35
       Animate Dead      |       |       |       |       |     3 ||     3
Invok: Renounce Religion |       |       |     1 |     1 |       ||     2
Evoke: Wand              |       |       |     1 |     1 |       ||     2
  Use: Scroll            |       |     9 |    11 |    10 |     6 ||    36
       Potion            |       |       |     1 |     2 |       ||     3
 Stab: Sleeping          |       |     2 |       |     1 |     1 ||     4
       Paralysed         |       |       |     4 |    12 |    20 ||    36
  Eat: Chunk             |     3 |    12 |    23 |    54 |    36 ||   128
       Ration            |       |     2 |     5 |     5 |     6 ||    18
Armor: Robe              |     2 |     1 |       |       |       ||     3
       Leather armour    |       |       |    17 |    35 |       ||    52
       Ring mail         |       |       |       |    15 |    63 ||    78
       Troll leather arm |       |       |       |       |    56 ||    56
Dodge: Dodged            |    10 |    17 |    34 |    89 |   199 ||   349

Table legend:
 A = Spawn XP
 B = Non-spawn XP
 C = Spawn XP percentage of total XP
 D = Spawn monster count
 E = Non-spawn monster count
 F = Spawn count percentage of total count
 G = Total turns spent on level
                    A         B        C        D         E        F      G
               +---------+---------+-------+---------+---------+-------+---------
         Total |       0 |   82907 |   0.0 |       0 |     544 |   0.0 | 42188
               +---------+---------+-------+---------+---------+-------+---------
           D:1 |       0 |      28 |   0.0 |       0 |      15 |   0.0 |  1783
           D:2 |       0 |     330 |   0.0 |       0 |      42 |   0.0 |  2435
           D:3 |       0 |     102 |   0.0 |       0 |      28 |   0.0 |  1343
           D:4 |       0 |     242 |   0.0 |       0 |      12 |   0.0 |  1439
           D:5 |       0 |     330 |   0.0 |       0 |      15 |   0.0 |   985
           D:6 |       0 |     430 |   0.0 |       0 |      17 |   0.0 |  1133
           D:7 |       0 |     874 |   0.0 |       0 |      15 |   0.0 |  2312
           D:8 |       0 |    1282 |   0.0 |       0 |      18 |   0.0 |  2036
           D:9 |       0 |    5482 |   0.0 |       0 |      48 |   0.0 |  6208
          D:10 |       0 |    8195 |   0.0 |       0 |      52 |   0.0 |  2491
          D:11 |       0 |    7317 |   0.0 |       0 |      60 |   0.0 |  2316
          D:12 |       0 |    2529 |   0.0 |       0 |      22 |   0.0 |  1527
          D:13 |       0 |   11470 |   0.0 |       0 |      46 |   0.0 |  2022
          D:14 |       0 |    7169 |   0.0 |       0 |      24 |   0.0 |   746
        Lair:1 |       0 |    1376 |   0.0 |       0 |       7 |   0.0 |  1237
        Lair:2 |       0 |    6016 |   0.0 |       0 |      22 |   0.0 |  2145
        Lair:3 |       0 |    6058 |   0.0 |       0 |      22 |   0.0 |  2375
        Lair:4 |       0 |    4604 |   0.0 |       0 |      21 |   0.0 |  1987
        Lair:5 |       0 |    6763 |   0.0 |       0 |      24 |   0.0 |  2581
        Lair:6 |       0 |   12310 |   0.0 |       0 |      34 |   0.0 |  2650
               +---------+---------+-------+---------+---------+-------+---------
